 Dungeon Crawl Stone Soup version 0.32-a0-607-g64ea0e4219 (webtiles) character file.

Game seed: 3003879213063335440

634 Sobieck the Digger (level 7, -8/50 HPs)
             Began as a Mountain Dwarf Earth Elementalist on Mar 3, 2024.
             Mangled by a two-headed ogre
             ... wielding a +0 giant club
              (20 damage)
             ... on level 5 of the Dungeon.
             The game lasted 00:06:31 (4029 turns).

Sobieck the Digger (MDEE)                           Turns: 4029, Time: 00:06:32

Health: -8/50      AC:  6    Str: 17    XL:     7   Next: 25%
Magic:  3/12       EV: 10    Int: 17    God:
Gold:   1092       SH:  0    Dex: 10    Spells: 9/13 levels left

rFire   . . .        l - +2 whip (flame)
rCold   . . .        (no shield)
rNeg    . . .        q - +1 ring mail
rPois   +            (no helmet)
rElec   .            (no cloak)
rCorr   .            (no gloves)
SInv    .            (no boots)
Will    .....        (no amulet)
Stlth   +            o - ring of poison resistance
HPRegen 0.28/turn    k - +6 ring of strength
MPRegen 0.13/turn

%: no passive effects
@: no status effects
A: runic magic, artefact enchanting
a: no special abilities


You were on level 5 of the Dungeon.
You visited 1 branch of the dungeon, and saw 5 of its levels.

You collected 1092 gold pieces.

Inventory:

Hand Weapons
 c - the +11 rapier of a Labyrinth {flame, Int-2 Dex+5}
   (You found it on level 4 of the Dungeon)

   Int-2:     It affects your intelligence (-2).
   Dex+5:     It affects your dexterity (+5).
 l - a +2 whip of flaming (weapon)
Missiles
 Z - 2 throwing nets
Armour
 a - a +0 robe
 q - a +1 ring mail (worn)
Jewellery
 k - a +6 ring of strength (right hand)
 o - a ring of poison resistance (left hand)
Wands
 p - a wand of mindburst (17)
Scrolls
 n - a scroll of fear
Potions
 b - a potion of magic
 d - a potion of berserk rage {unknown}
 e - a potion of heal wounds {unknown}
 i - a potion of brilliance
 m - 2 potions of might
 Q - a potion of curing


   Skills:
 + Level 4.0 Armour
 - Level 1.3 Dodging
 - Level 1.4 Stealth
 + Level 3.6 Spellcasting
 - Level 0.8 Conjurations
 * Level 7.0 Earth Magic


You had 9 spell levels left.
You knew the following spells:

 Your Spells              Type           Power      Damage    Failure   Level
a - Sandblast             Erth           52%        2d12      1%          1
b - Stone Arrow           Conj/Erth      32%        3d9       11%         3

Your spell library contained the following spells:

 Spells                   Type           Power      Damage    Failure   Level
 Passwall                 Erth           26%        N/A       3%          3
 Sting                    Conj/Alch      16%        1d4       16%         1
 Cigotuvi's Dreadful Rot  Necr/Alch/Air  6%         N/A       28%         2
 Mercury Vapours          Alch/Air       6%         N/A       28%         2
 Sublimation of Blood     Necr           3%         N/A       28%         2
 Brom's Barrelling Bould  Conj/Erth      16%        2d4       36%         4
 Petrify                  Alch/Erth      14%        N/A       41%         4
 Inner Flame              Hex/Fire       3%         N/A       50%         3
 Ozocubu's Armour         Ice            3%         N/A       50%         3
 Flame Wave               Conj/Fire      4%         2d5       83%         4
 Olgreb's Toxic Radiance  Alch           3%         N/A       88%         4
 Sticky Flame             Fire/Alch      3%         2d4       88%         4
 Irradiate                Conj/Alch      2%         3d12      99%         5
 Eringya's Noxious Bog    Alch           1%         4d6       100%        6
 Haunt                    Necr/Summ      1%         N/A       100%        7
 Borgnjor's Revivificati  Necr           1%         N/A       100%        8
 Death's Door             Necr           1%         N/A       100%        9


Dungeon Overview and Level Annotations

Branches:
Dungeon (5/15)
 Temple: D:4-7

Altars:


Innate Abilities, Weirdness & Mutations

Your spellcasting is much less encumbered by armour.
You can use scrolls of enchantment on lesser artefacts.


Message History

An adder is nearby!
Unknown command.
Unknown command.
Unknown command.
Danger!
The blast of sand hits the adder!
You kill the adder!
Your Earth Magic skill increases to level 7!
Unknown command.
You can't see any susceptible monsters within range! (Use Z to cast anyway.) Unknown command.
You start resting.
You hear the slow rusting of a drain.
You start resting.
HP restored.
Unknown command.
A two-headed ogre comes into view.
It is wielding a +0 giant club and a +4 great mace.
The two-headed ogre shouts in stereo!
Danger!
Unknown command.
Unknown command.
Unknown command.
Unknown command.
You can't see any susceptible monsters within range! (Use Z to cast anyway.) Unknown command.
Unknown command.
Unknown command.
The blast of sand hits the two-headed ogre.
The two-headed ogre is lightly wounded.
Unknown command.
The blast of sand hits the two-headed ogre!!
The two-headed ogre is heavily wounded.
Unknown command.
The blast of sand hits the two-headed ogre but does no damage.
The two-headed ogre is heavily wounded.
The two-headed ogre hits you with a +0 giant club!!
* * * LOW HITPOINT WARNING * * *
The two-headed ogre hits you with a +4 great mace!!
* * * LOW HITPOINT WARNING * * *
Unknown command.
Unknown command.
Casting: Sandblast (safe; 1% risk of failure)
Confirm with . or Enter, or press ? or * to list all spells.
Aiming: Sandblast (safe; 1% risk of failure)
Press: ? - help, Shift-Dir - straight line, f/p - two-headed ogre
Aim: a two-headed ogre, wielding a +0 giant club and a +4 great mace (heavily wounded, 92% to hit)
The blast of sand hits the two-headed ogre!
The two-headed ogre is severely wounded.
The two-headed ogre hits you with a +0 giant club!!
You die...

#......#####.# .
#.........##.#
.#####............# #
#..(##...)......... S
#...##$............
#~#~..##.............
#~#~...#.............
#~~~~...............)
#~#~@O##.............
#~~~...#.............
#~#....†.............
#~~~..###...........#
#~~...# #...........#
...######
#...........# ...
##........### .#
##.<....## ##..####


You could see a two-headed ogre.

Vanquished Creatures
  An ogre (D:4)
  A centaur (D:5)
  3 scorpions (D:4)
  A bombardier beetle (D:4)
  Ijyb (D:3)
  An iguana (D:5)
  7 gnolls
  8 adders
  A river rat (D:5)
  A dart slug (D:1)
  3 ribbon worms
  An orc (D:4)
  5 ball pythons
  5 bats
  3 endoplasms
  3 giant cockroaches
  8 goblins
  4 hobgoblins
  4 jackals (D:4)
  4 kobolds
  6 rats
71 creatures vanquished.

Notes
Turn   | Place    | Note
-------+----------+-------------------------------------------
     0 | D:1      | Sobieck the Mountain Dwarf Earth Elementalist began the
                  | quest for the Orb.
     0 | D:1      | Reached XP level 1. HP: 14/14 MP: 3/3
   229 | D:1      | Reached XP level 2. HP: 20/20 MP: 2/4
   415 | D:1      | Reached skill level 1 in Armour
  1097 | D:2      | Reached skill level 4 in Earth Magic
  1142 | D:2      | Reached XP level 3. HP: 26/26 MP: 2/6
  1763 | D:3      | Got the Almanac of Graupel and Vitriol
  1768 | D:3      | Learned a level 3 spell: Stone Arrow
  1795 | D:3      | Found a faded altar of an unknown god.
  1832 | D:3      | Reached XP level 4. HP: 33/33 MP: 1/7
  2014 | D:3      | Noticed Ijyb
  2021 | D:3      | Killed Ijyb
  2479 | D:3      | Reached skill level 5 in Earth Magic
  2573 | D:4      | Noticed a scorpion
  2582 | D:4      | Killed a scorpion
  2583 | D:4      | Reached XP level 5. HP: 16/38 MP: 1/9
  2738 | D:4      | Identified a scroll of acquirement
  2738 | D:4      | Acquired 885 gold pieces
  2754 | D:4      | Identified the +11 rapier of a Labyrinth {flame, Int-2
                  | Dex+5}
  2855 | D:4      | Reached skill level 3 in Armour
  2929 | D:4      | Reached skill level 3 in Spellcasting
  2929 | D:4      | Reached XP level 6. HP: 30/45 MP: 7/10
  2954 | D:4      | Reached skill level 6 in Earth Magic
  3870 | D:5      | Entered Level 5 of the Dungeon
  3959 | D:5      | Reached XP level 7. HP: 30/50 MP: 7/12
  4006 | D:5      | Reached skill level 7 in Earth Magic
  4024 | D:5      | Noticed a two-headed ogre
  4029 | D:5      | Mangled by a two-headed ogre

Illustrated notes

Levels and vault maps discovered:
D:1:      dpeg_arrival_pits, layout_basic, serial_forest,
          infiniplex_forest_lined_2, infiniplex_forest_straight_2,
          infiniplex_forest_end_1, infiniplex_forest_3_way,
          infiniplex_forest_clump_curved, infiniplex_forest_clump_double,
          infiniplex_forest_clump_double
D:2:      layout_loops_ring, minmay_goblin_kobold_house
D:3:      layout_loops_ring, shapermc_ecumenical_altar_acropolis,
          nicolae_figureground_pulse, uniq_ijyb
D:4:      layout_loops_corners
D:5:      layout_cave_pods, minmay_temple_entry_offerings,
          lightli_sewer_entry_pipes, uniq_menkaure

Skill      XL: |  1  2  3  4  5  6  7 |
---------------+----------------------+-----
Spellcasting   | 2 3 |  3.6
Armour         | 1 2 3 4 |  4.0
Earth Magic    | 4 5 6 7 |  7.0
Dodging        | |  1.3
Stealth        | |  1.4
Conjurations   | |  0.8

Action                     |  1- 3 |  4- 6 |  7- 9 || total
---------------------------+-------+-------+-------++-------
  Melee: Whip              |       |     9 |       ||     9
   Cast: Sandblast         |    52 |    67 |    14 ||   133
    Use: Scroll            |       |    10 |       ||    10
 Armour: Robe              |     2 |    12 |       ||    14
         Ring mail         |       |    22 |     3 ||    25
  Dodge: Dodged            |     9 |    30 |     7 ||    46

Table legend: (Time is in decaauts)
 A = Elapsed time spent in this place.
 B = Non-inter-level travel time spent in this place.
 C = Inter-level travel time spent in this place.
 D = Time resting spent in this place.
 E = Time spent auto-exploring this place.
 F = Levels seen in this place.
 G = Mean time per level.
                   A        B        C        D        E       F      G
               +--------+--------+--------+--------+--------+-----+--------+
         Total |   4093 |   3976 |    117 |    194 |   3291 |   5 |  818.6 |
       Dungeon |   4093 |   3976 |    117 |    194 |   3291 |   5 |  818.6 |
               +--------+--------+--------+--------+--------+-----+--------+

Top non-repeatable levels by time:
     D:4: 1375 daAuts
     D:1: 957 daAuts
     D:3: 844 daAuts
     D:2: 791 daAuts
     D:5: 124 daAuts
